 Dungeon Crawl Stone Soup version 0.31-a0-232-gb1c03b2570 (webtiles) character file.

Game seed: 4090547613921633919

163 qw the Shooter (level 5, -1/30 HPs)
             Began as a Gargoyle Hexslinger on July 7, 2023.
             Slain by a gnoll
             ... wielding a +0 spear
             ... led by a gnoll bouda
              (3 damage)
             ... on level 4 of the Dungeon.
             The game lasted 00:00:54 (2359 turns).

qw the Shooter (Gargoyle Hexslinger)                Turns: 2359, Time: 00:00:55

Health: -1/30      AC: 12    Str: 11    XL:     5   Next: 44%
Magic:  6/6        EV: 10    Int: 14    God:
Gold:   100        SH:  0    Dex: 14    Spells: 5/6 levels left

rFire   + . .        Y - +1 sling (drain)
rCold   . . .        (no shield)
rNeg    + . .        o - +0 ring mail {rF+}
rPois   inf          r - +1 helmet
rElec   +            (no cloak)
rCorr   .            (no gloves)
SInv    .            j - +0 pair of boots
Will    .....        (no amulet)
Stlth   +            (no ring)
HPRegen 0.25/turn    (no ring)
MPRegen 0.10/turn

%: no passive effects
@: no status effects
A: sickness immunity, AC +4, negative energy resistance 1, electricity
resistance, torment resistance 1, petrification resistance
a: no special abilities


You were on level 4 of the Dungeon.
You visited 1 branch of the dungeon, and saw 4 of its levels.

You collected 100 gold pieces.


Innate Abilities, Weirdness & Mutations

You are immune to sickness and miasma.
Your stone body is resilient. (AC +4)
You are immune to poison.
You resist negative energy. (rN+)
You are resistant to electric shocks. (rElec)
You are resistant to unholy torment.
You are immune to petrification.


   Skills:
 - Level 2.0 Fighting
 + Level 4.9 Ranged Weapons
 - Level 1.6 Armour
 - Level 1.5 Dodging
 - Level 1.0 Spellcasting
 - Level 2.6 Hexes


You had 5 spell levels left.
You knew the following spells:

 Your Spells              Type           Power      Damage    Failure   Level
a - Slow                  Hex            32%        N/A       21%         1

Your spell library contained the following spells:

 Spells                   Type           Power      Damage    Failure   Level
 Inner Flame              Hex/Fire       4%         N/A       71%         3
 Portal Projectile        Hex/Tloc       8%         N/A       71%         3
 Cause Fear               Hex            4%         N/A       90%         4

Inventory:

Hand Weapons
 Y - a +1 sling of draining (weapon)
Armour
 j - a +0 pair of boots (worn)
 o - a +0 ring mail of fire resistance (worn)
 r - a +1 helmet (worn)
Scrolls
 h - 2 scrolls of identify
Potions
 a - a potion of magic {unknown}
 d - a potion of haste {unknown}
 e - a potion of might {unknown}
 f - a potion of degeneration {unknown}
 g - a potion of lignification {unknown}
 i - 2 potions of curing
 k - a potion of heal wounds {unknown}
 m - a potion of brilliance {unknown}
 q - a potion of cancellation {unknown}

Dungeon Overview and Level Annotations

Branches:
Dungeon (4/15)
 Temple: D:4-7

Altars:
Vehumet
The Shining One

Annotations:
D:3 1 runed translucent door, Crazy Yiuf


Message History

The gnoll hits you but does no damage. The gnoll barely misses you.
The orc hits you but does no damage. The jackal closely misses you.
You shoot a sling bullet. The sling bullet hits the gnoll.
You kill the gnoll!
The gnoll is no longer moving quickly.
The gnoll hits you from afar with a +0 spear!
The jackal closely misses you. The orc hits you with a +0 flail.
The gnoll hits you but does no damage.
You shoot a sling bullet. The sling bullet hits the orc.
The orc is moderately wounded.
The jackal bites you but does no damage.
The orc hits you with a +0 flail. The orc hits you but does no damage.
The jackal barely misses you. The gnoll hits you but does no damage.
The orc hits you but does no damage. The orc closely misses you.
You shoot a sling bullet. The sling bullet hits the orc.
You kill the orc!
The jackal bites you but does no damage.
The jackal misses you. The gnoll hits you but does no damage.
The orc closely misses you.
You shoot a sling bullet.
The sling bullet closely misses the jackal.
Your attacks no longer feel as feeble.
The jackal closely misses you. The gnoll hits you but does no damage.
The orc closely misses you. The jackal misses you.
The gnoll hits you but does no damage.
You shoot a sling bullet. The sling bullet hits the jackal.
The jackal is moderately wounded.
The jackal barely misses you. The orc hits you with a +0 hand axe.
The jackal bites you but does no damage.
The gnoll hits you but does no damage. The orc hits you with a +0 hand axe.
You shoot a sling bullet. The sling bullet hits the jackal.
The jackal is severely wounded.
The jackal barely misses you. The gnoll barely misses you.
The orc hits you but does no damage. The jackal closely misses you.
You shoot a sling bullet.
The sling bullet closely misses the jackal.
The jackal closely misses you. The gnoll hits you but does no damage.
The orc barely misses you. The jackal barely misses you.
The gnoll hits you from afar with a +0 spear.
You die...

......... ....... ......
.........).
PPPPP.P..gh######.#..
......P.gog##.......#
P...P.P.##o##.......#
P._.P.P.##@##.......#
P...P.P.gh).........#
......P.............#
PPPPP.P.............# ....
........########..#.# #...
.........#####......####...
...........................
.........).........#####..#
.......................#...


You could see a gnoll bouda, 2 gnolls, 2 orcs and 2 jackals.

Vanquished Creatures
  Ijyb (D:3)
  An orc wizard (D:4)
  2 gnolls (D:4)
  An adder (D:3)
  A worm (D:2)
  9 orcs (D:4)
  9 ball pythons
  6 endoplasms
  3 giant cockroaches
  9 goblins
  3 hobgoblins
  5 jackals
  3 quokkas
  3 bats
  4 frilled lizards
  3 kobolds
  6 rats
69 creatures vanquished.

Notes
Turn   | Place    | Note
-------+----------+-------------------------------------------
     0 | D:1      | qw the Gargoyle Hexslinger began the quest for the Orb.
     0 | D:1      | Reached XP level 1. HP: 12/12 MP: 2/2
     0 | D:1      | 0 ||| qw: Version: 0.3-a-46-gb1f654a
     0 | D:1      | 0 ||| qw: Game counter: 2448
     0 | D:1      | 0 ||| qw: Melee chars always use a shield: true
     0 | D:1      | 0 ||| qw: God list: Okawaru
     0 | D:1      | 0 ||| qw: Allow faded altars: false
     0 | D:1      | 0 ||| qw: Do Orc after clearing Dungeon:15 true
     0 | D:1      | 0 ||| qw: Do second Lair branch before Depths: true
     0 | D:1      | 0 ||| qw: Lair rune preference: random
     0 | D:1      | 0 ||| qw: Goals: Normal
     0 | D:1      | 0 ||| PLANNING D:1-11
   157 | D:1      | Reached XP level 2. HP: 16/16 MP: 3/3
   265 | D:1      | Reached skill level 3 in Ranged Weapons
   486 | D:1      | Reached XP level 3. HP: 21/21 MP: 4/4
   957 | D:1      | 957 ||| READING scroll labelled BIAPOU ASUGOSM.
   958 | D:1      | 958 ||| READING scroll labelled RASAWE DENETI.
   959 | D:1      | 959 ||| READING scroll labelled OMOT VOZXOKA.
   960 | D:1      | 960 ||| DRINKING 2 glowing green potions.
   961 | D:1      | 961 ||| DROPPING scroll of poison.
   962 | D:1      | 962 ||| DROPPING potion of attraction.
  1181 | D:2      | Found a faded altar of an unknown god.
  1234 | D:2      | 1234 ||| Stepping ~*~*~tactically~*~*~ (water).
  1334 | D:2      | 1334 ||| UPGRADING to +0 leather armour.
  1344 | D:2      | 1344 ||| DROPPING +0 robe.
  1345 | D:2      | 1345 ||| READING scroll labelled HOHASI ZIAMEPH.
  1346 | D:2      | 1346 ||| READING scroll labelled ASTRID LIRUC.
  1347 | D:2      | 1347 ||| DRINKING 2 viscous silvery potions.
  1442 | D:3      | Noticed Ijyb
  1450 | D:3      | Killed Ijyb
  1451 | D:3      | Reached skill level 4 in Ranged Weapons
  1451 | D:3      | Reached XP level 4. HP: 7/26 MP: 5/5
  1613 | D:3      | Found a runed translucent door.
  1614 | D:3      | Noticed Crazy Yiuf
  1967 | D:3      | Found a radiant altar of Vehumet.
  2170 | D:3      | 2170 ||| UPGRADING to +0 pair of boots.
  2175 | D:3      | 2175 ||| UPGRADING to +0 ring mail of fire resistance.
  2185 | D:3      | 2185 ||| DROPPING +0 leather armour.
  2186 | D:3      | 2186 ||| UPGRADING to +0 helmet.
  2191 | D:3      | 2191 ||| READING scroll of enchant armour.
  2191 | D:3      | 2191 ||| ENCHANTING +0 helmet.
  2192 | D:3      | 2192 ||| READING scroll labelled QOFETALIESS.
  2214 | D:3      | 2214 ||| READING scroll labelled XAEFAGELONG.
  2215 | D:3      | 2215 ||| READING scroll labelled YTAQEY ANOSEUD.
  2216 | D:3      | 2216 ||| READING scroll labelled KEOKHL VININE.
  2217 | D:3      | 2217 ||| DRINKING 2 glowing black potions.
  2218 | D:3      | 2218 ||| DROPPING potion of invisibility.
  2269 | D:4      | Reached skill level 1 in Armour
  2269 | D:4      | Reached XP level 5. HP: 24/30 MP: 6/6
  2315 | D:4      | Found a glowing golden altar of the Shining One.
  2354 | D:4      | HP: 7/30 [orc/+0 flail (6)]
  2357 | D:4      | HP: 2/30 [orc/+0 hand axe (5)]
  2359 | D:4      | Slain by a gnoll

Levels and vault maps discovered:
D:1:      wheals_arrival_linesprint, layout_loops_ring, roderic_serpentine_path,
          minmay_pentomino_v4
D:2:      wander_river, layout_rooms, hellmonk_ecumenical_altar_lost_god
D:3:      layout_loops_cross, mainiacjoe_overflow_alcove_2, st_stairs_14,
          uniq_crazy_yiuf_cottage, uniq_ijyb
D:4:      layout_basic, mainiacjoe_overflow_cross_hatched,
          mainiacjoe_overflow_big_doors, lemuel_temple_firewalk_b, serial_shops,
          shop

Skill      XL: |  1  2  3  4 |
---------------+-------------+-----
Ranged Weapons | 3 4 |  4.9
Fighting       | 2 |  2.0
Armour         | 1 |  1.6
Dodging        | |  1.5
Spellcasting   | |  1.0
Hexes          | |  2.6

Action                     |  1- 3 |  4- 6 || total
---------------------------+-------+-------++-------
   Fire: Sling             |   117 |    78 ||   195
    Use: Scroll            |     5 |     5 ||    10
         Potion            |     2 |     1 ||     3
 Armour: Robe              |    13 |       ||    13
         Leather armour    |     2 |     4 ||     6
         Ring mail         |       |    42 ||    42
  Dodge: Dodged            |    35 |    52 ||    87

Table legend:
 A = Non-vault XP
 B = Vault XP
 C = Vault XP percentage of total XP
 D = Non-vault monster count
 E = Vault monster count
 F = Vault count percentage of total count
                 A         B        C        D         E       F
            +---------+---------+-------+---------+---------+-------
      Total |     190 |      43 |  18.5 |      64 |       5 |   7.2
            +---------+---------+-------+---------+---------+-------
        D:1 |      38 |       5 |  11.6 |      24 |       3 |  11.1
        D:2 |      20 |       0 |   0.0 |      10 |       0 |   0.0
        D:3 |      32 |      38 |  54.3 |      13 |       2 |  13.3
        D:4 |     100 |       0 |   0.0 |      17 |       0 |   0.0
            +---------+---------+-------+---------+---------+-------
